 Dungeon Crawl Stone Soup version 0.17-a0-1909-g0b14330 (webtiles) character file.

167 Japsu the Sneak (level 5, -1/39 HPs)
             Began as a Vampire Assassin on Sept 25, 2015.
             Was an Initiate of Makhleb.
             Slain by a goblin (5 damage)
             ... led by Robin
             ... on level 3 of the Dungeon.
             The game lasted 00:37:12 (3675 turns).

Japsu the Sneak (Vampire Assassin)                  Turns: 3675, Time: 00:37:12

Health: -1/39      AC:  3    Str: 10    XL:     5   Next: 23%
Magic:  5/5        EV: 14    Int: 13    God:    Makhleb [......]
Gold:   117        SH:  0    Dex: 17    Spells: 0 memorised, 4 levels left

rFire  . . .     SeeInvis +     a - +2 dagger
rCold  . . .     Clarity  .     c - +0 robe
rNeg   + . .     SustAt   .     (no shield)
rPois  .         Gourm    .     (no helmet)
rElec  .         Spirit   .     d - +0 cloak
rCorr  .         Warding  .     (no gloves)
rMut   .         Stasis   .     (no boots)
MR     .....                    (no amulet)
Stlth  ++++......               (no ring)
                                (no ring)

@: lethally poisoned (-1 -> -3), not resistant to hostile enchantments, stealthy
A: fangs 3, see invisible, unbreathing
a: Bat Form, Renounce Religion


You were on level 3 of the Dungeon.
You worshipped Makhleb.
Makhleb was noncommittal.
You were not thirsty.

You visited 1 branch of the dungeon, and saw 3 of its levels.

You collected 117 gold pieces.

Inventory:

Hand weapons
 a - a +2 dagger (weapon)
 b - a +0 blowgun
Missiles
 e - 25 poisoned needles
 f - 2 curare-tipped needles
 p - 15 arrows of flame
Armour
 c - a +0 robe (worn)
 d - a +0 cloak (worn)
 g - a +0 helmet
 k - a +0 robe
 o - a +0 leather armour
 q - a +0 robe
 t - a cursed +0 shield
Scrolls
 h - 3 scrolls of identify
 j - 2 scrolls of fog
 l - a scroll of recharging {unknown}
 n - 2 scrolls of amnesia {unknown}
 s - 4 scrolls of remove curse {unknown}
 u - a scroll of teleportation {unknown}
 v - a scroll of enchant armour {unknown}
Potions
 m - a potion of magic {unknown}
 r - a potion of haste {unknown}
 w - a potion of poison {unknown}
 x - a potion of flight {unknown}
Comestibles
 i - 4 bread rations


   Skills:
 * Level 2.3 Fighting
 * Level 3.1 Short Blades
 + Level 1.7 Throwing
 + Level 3.5 Dodging
 + Level 7.2 Stealth


You had 4 spell levels left.
You didn't know any spells.

Dungeon Overview and Level Annotations

Branches:
Dungeon (3/15)

Altars:
Ashenzari
Makhleb
Qazlal
Yredelemnul

Annotations:
D:3 Robin


Innate Abilities, Weirdness & Mutations

You have razor-sharp teeth.
You have supernaturally acute eyesight.
You can survive without breathing.


Message History

* * * LOW HITPOINT WARNING * * *
The goblin barely misses you.
A goblin comes into view.
Use which ability?
You fail to use your ability.
The goblin moves out of view.
The goblin hits you.
* * * LOW HITPOINT WARNING * * *
An orc comes into view.
You feel sick. Robin throws the goblin at you!
* * * LOW HITPOINT WARNING * * *
The goblin closely misses you.
Drop what? 24/52 slots (_ for help) (? for menu, Esc to quit)
Okay, then.
Wield which item (- for none, * to show all)? (? for menu, Esc to quit)
Okay, then.
Wear which item? (? for menu, Esc to quit)
The goblin barely misses you. The goblin hits you.
Keep equipping yourself?
You stop putting on your armour.
You die...

#.##.....####.#......###
#.######.###.....###....
#.#########......###....
#.................##....
######.......###...#..<.
#.......# #........
#.......##..#.#.... ###
#.............#.... #...
#####g@..>.#.##.#......
#.>.###g)gs.g..###...........
#......r###.#### ###. #....
......r.###.# ....#
.%.......##.# .....
....g.g.###.# .###. ........#
#.# .. ..o...... #.#
....g...#...#


You could see Robin, a giant cockroach, a hobgoblin (frenzied), 2 goblins and a
rat.

Vanquished Creatures
  A hound (D:3)
  4 adders
  An ooze (D:2)
  2 worms
  A giant gecko (D:2)
  5 orcs (D:3)
  2 giant cockroaches (D:2)
  8 goblins
  8 hobgoblins
  5 jackals (D:1)
  6 kobolds
  A quokka (D:3)
  14 bats
  2 giant newts (D:1)
  A jackal zombie (D:2)
  9 rats
70 creatures vanquished.

Vanquished Creatures (others)
  A human zombie (D:2)
1 creature vanquished.

Grand Total: 71 creatures vanquished

Notes
Turn   | Place    | Note
--------------------------------------------------------------
     0 | D:1      | Japsu the Vampire Assassin began the quest for the Orb.
     0 | D:1      | Reached XP level 1. HP: 16/16 MP: 1/1
   212 | D:1      | Reached skill level 6 in Stealth
   324 | D:1      | Reached XP level 2. HP: 2/22 MP: 2/2
   666 | D:1      | You fall through a shaft!
   792 | D:1      | Reached XP level 3. HP: 24/27 MP: 3/3
  1534 | D:2      | Found a runed door.
  1534 | D:2      | Noticed a human
  1536 | D:2      | Found a basalt altar of Yredelemnul.
  1660 | D:2      | Reached XP level 4. HP: 33/33 MP: 4/4
  2563 | D:2      | Reached skill level 7 in Stealth
  2771 | D:3      | Found a shattered altar of Ashenzari.
  3158 | D:3      | Found a stormy altar of Qazlal.
  3160 | D:3      | Noticed a water elemental
  3160 | D:3      | Noticed an air elemental
  3161 | D:3      | Noticed a fire elemental
  3556 | D:3      | Reached XP level 5. HP: 32/38 MP: 5/5
  3561 | D:3      | Found a burning altar of Makhleb.
  3570 | D:3      | Became a worshipper of Makhleb the Destroyer
  3644 | D:3      | Noticed Robin
  3675 | D:3      | Slain by a goblin

Vault maps used:
D:1:      dpeg_arrival_concentric_ovals
D:2:      dk_yredelemnul_ordeal
D:3:      nicolae_qazlal_style_of_elements, makhleb_heckhound_becter,
          evilmike_ruin_ashenzari, first_bread, uniq_robin

Action                   |  1- 3 |  4- 6 || total
-------------------------+-------+-------++-------
Melee: Dagger            |   129 |   108 ||   237
 Abil: End Transformatio |       |     1 ||     1
       Bat Form          |       |     1 ||     1
  Use: Scroll            |       |     4 ||     4
 Stab: Sleeping          |     8 |     2 ||    10
  Eat: Corpse            |     9 |     2 ||    11
